cohdb
Replays
Latest Replays
All Replays
Popular Replays
Top Player Replays
Match Explorer
How It Works
Community
CoH3 Stats
Reddit
Sign in to upload your games and track your stats! →
Sign in with Steam
Match 41321569
Unlisted
Match 41321569
Overview
Messages
Build Orders
End
Vickers Machine Gun Team
Construct Section Command Post
Dingo Light Scout Car
ML 3-inch Mortar Team
Selects Canadian Shock Battlegroup
Selects Attacking Spirit
Selects Canadian Shock Section
Canadian Shock Section
Canadian Shock Section
Construct Platoon Command Post
Construct Field Infirmary
6-pounder Anti-tank Gun Team
Construct Company Command Post
6-pounder Anti-tank Gun Team
Unlock M3 Grant Medium Tanks
Starfucker
CantCNC
Jutge
KoalaImpala
Uwe Berger
Tanith's Finest
0
0
Comments
sign in to comment!
No comments posted yet!